 Dungeon Crawl Stone Soup version 0.29-a0-286-g41199d4a87 (webtiles) character file.

Game seed: 8433157165885968330

3255 Dabor the Fighter (level 10, -12/64 HPs)
             Began as a Gargoyle Fighter on Mar 16, 2022.
             Was a High Priest of Wu Jian.
             Shot with an arrow by a centaur warrior (13 damage)
             ... on level 7 of the Dungeon.
             The game lasted 00:14:10 (7869 turns).

Dabor the Fighter (Gargoyle Fighter)                Turns: 7869, Time: 00:14:10

Health: -12/64     AC: 18    Str: 23    XL:     10   Next: 0%
Magic:  10/10      EV: 16    Int: 10    God:    Wu Jian [*****.]
Gold:   378        SH:  4    Dex:  9    Spells: 9/9 levels left

rFire   + . .      SeeInvis .   z - +1 flail (protect)
rCold   . . .      Faith    .   c - +0 buckler
rNeg    + . .      Spirit   .   m - +3 leather armour {Will+}
rPois   ∞          Reflect  .   (no helmet)
rElec   +          Harm     .   (no cloak)
rCorr   .          Rampage  .   v - +0 pair of gloves
Will    +....                   k - +1 pair of boots
Stlth   +.........              (no amulet)
HPRegen 0.20/turn               t - ring of protection from fire
MPRegen 0.12/turn               l - +4 ring of evasion

@: hasted, very quick
A: sickness immunity, AC +7, negative energy resistance 1, electricity
resistance, torment resistance 1, petrification resistance
a: Renounce Religion, Wall Jump, Serpent's Lash, Heavenly Storm


You were on level 7 of the Dungeon.
You worshipped Wu Jian.
Wu Jian was extremely pleased with you.
You visited 1 branch of the dungeon, and saw 7 of its levels.
You also visited: Ossuary.

You collected 378 gold pieces.

Inventory:

Hand Weapons
 a - a +0 flail of electrocution
 z - a +1 flail of protection (weapon)
Missiles
 o - a throwing net (quivered)
 B - 4 poisoned darts
Armour
 b - a +0 scale mail
 c - a +0 buckler (worn)
 k - a +1 pair of boots (worn)
 m - a +3 leather armour of willpower (worn)
 v - a +0 pair of gloves (worn)
Jewellery
 f - a ring of positive energy
 l - a +4 ring of evasion (right hand)
 t - a ring of protection from fire (left hand)
 u - a ring of flight
Wands
 q - a wand of digging (6)
Scrolls
 j - a scroll of identify
 n - a scroll of teleportation
 y - 2 scrolls of amnesia
 C - a scroll of magic mapping {unknown}
Potions
 d - 4 potions of might
 e - a potion of haste
 g - a potion of cancellation {unknown}
 h - 6 potions of brilliance {unknown}
 i - 7 potions of curing {unknown}
 p - 3 potions of heal wounds {unknown}
 r - 3 potions of lignification {unknown}
 s - 2 potions of berserk rage {unknown}
 w - 2 potions of invisibility {unknown}
 x - 3 potions of flight {unknown}
 A - a potion of mutation {unknown}
 E - a potion of resistance {unknown}
 F - a potion of degeneration {unknown}
 G - a potion of attraction {unknown}


   Skills:
 + Level 8.2 Fighting
 + Level 7.1 Maces & Flails
 + Level 8.2 Armour
 + Level 5.5 Dodging
 - Level 3.5 Shields


You had 9 spell levels left.
You didn't know any spells.
Your spell library contained the following spells:

 Spells                   Type           Power      Damage    Failure   Level
 Foxfire                  Conj/Fire      0%         2x1d4     50%         1
 Blink                    Tloc           0%         N/A       63%         2
 Conjure Flame            Conj/Fire      0%         6-21      86%         3
 Inner Flame              Hex/Fire       0%         N/A       86%         3
 Lesser Beckoning         Tloc           0%         N/A       86%         3
 Flame Wave               Conj/Fire      0%         2d4       99%         4
 Manifold Assault         Tloc           0%         N/A       100%        5


Dungeon Overview and Level Annotations

Branches:
Dungeon (7/15)             Temple (0/1) D:6         Ossuary (visited)

Altars:
Wu Jian

Shops:
D:2 !   D:3 [*(*=

Portals:
Abyss: D:4


Innate Abilities, Weirdness & Mutations

You are immune to sickness and miasma.
Your stone body is resilient. (AC +7)
You are immune to poison.
You resist negative energy. (rN+)
You are resistant to electric shocks. (rElec)
You are resistant to unholy torment.
You are immune to petrification.


Message History

You hit the electric eel.
The electric eel is severely wounded.
A nearby plant withers and dies.
The centaur warrior shoots an arrow.
The arrow hits you!
The electric eel shoots out a bolt of lightning at you!
The bolt of electricity hits you but does no damage.
You closely miss the electric eel.
The electric eel is severely wounded.
The centaur warrior shoots an arrow.
The arrow closely misses you.
The arrow hits the electric eel!
The electric eel dies!
The centaur warrior shoots an arrow.
The arrow hits you.
You have reached level 10!
A vampire mosquito comes into view.
Found 9 gold pieces.
The vampire mosquito buzzes angrily.
The centaur warrior shoots an arrow.
You block the arrow.
A purple ugly thing and an acid dragon come into view.
Found a scale mail, a condenser vane and a flail.
The acid dragon roars!
The centaur warrior shoots an arrow.
The arrow barely misses you. Something completely misses you.
The centaur warrior shoots an arrow.
The arrow hits you but does no damage.
The centaur warrior shoots an arrow.
The arrow hits you! Something hits you but does no damage.
Deactivating autopickup; reactivate with Ctrl-A.
The centaur warrior shoots an arrow.
The arrow hits you!
* * * LOW HITPOINT WARNING * * *
As you read the scroll of fog, it crumbles to dust.
The scroll dissolves into smoke.
Something hits you but does no damage. The vampire mosquito barely misses you.
You block the vampire mosquito's attack.
The centaur warrior shoots an arrow.
The arrow hits you.
* * * LOW HITPOINT WARNING * * *
Okay, then.
It was a potion of haste.
You feel yourself speed up. Something hits you but does no damage.
The vampire mosquito bites you.
* * * LOW HITPOINT WARNING * * *
The centaur warrior shoots an arrow.
The arrow hits you!
You die...

...♣♣.♣♣♣♣♣...♣♣♣♣♣. #...
♣.♣♣#............... #. #.
### #######♣.♣###### #.. #.
♣≈≈≈≈ ♣.♣≈≈≈≈≈♣# ##.#+#.
≈≈≈≈≈≈♣.♣≈≈≈≈≈≈# #......
≈≈≈≈≈.....≈≈≈≈≈# #......
≈≈≈≈....§.§§§§≈# #......
≈≈≈......{§§§§≈# #+#...
≈≈...≈P#.c§@§≈≈# #.♣ #.###.
♣♣..≈≈#)#≈§§y♣♣#[≈≈≈) #.# #.
...≈≈≈#.#§§§§u..uD≈≈.##.###[
♣♣..≈≈#)#≈≈..♣♣#$≈≈≈}#......
≈...≈P#.≈...≈ #.♣#...... ≈≈.
......≈≈≈ #......
......≈≈≈≈# #......
.....≈≈≈≈≈# ##...##
≈♣.♣≈≈≈≈≈≈# #.....


You could see a purple ugly thing, a centaur warrior and a vampire mosquito.

Vanquished Creatures
  Edmund (D:5)
  A steam dragon (D:7)
  The ghost of ouz the Shooter, an amateur VSHu (D:4)
  2 water moccasins
  2 orc warriors
  A black bear (D:6)
  3 ogres
  2 centaurs (D:6)
  A phantom (D:4)
  A kobold brigand (D:4)
  2 bullfrogs (D:7)
  A gnoll sergeant (D:7)
  A small abomination (D:4)
  2 elf skeletons (D:6)
  2 elf zombies
  2 necrophages
  A scorpion (D:6)
  3 wights (D:7)
  A howler monkey (D:4)
  3 centaur zombies (Ossuary)
  5 hounds
  5 jellies
  A human zombie (Ossuary)
  Ijyb (D:4)
  A human skeleton (D:6)
  6 iguanas
  2 orc wizards (D:7)
  3 mummies (Ossuary)
  4 gnolls (D:3)
  4 adders
  2 white imps
  2 ufetubi
  2 adder zombies (Ossuary)
  4 dart slugs
  A worm (D:4)
  14 orcs
  4 endoplasms
  18 goblins
  15 hobgoblins
  3 jackals (D:1)
  10 kobolds
  7 quokkas
  4 ball pythons
  7 bats
  A frilled lizard (D:3)
  A gnoll zombie (Ossuary)
  5 goblin zombies (Ossuary)
  3 hobgoblin zombies (Ossuary)
  4 jackal zombies (Ossuary)
  3 kobold zombies (Ossuary)
  2 orc skeletons (D:6)
  2 orc zombies (Ossuary)
  7 quokka zombies (Ossuary)
  7 rats
193 creatures vanquished.

Vanquished Creatures (others)
  An electric eel (D:7)
  A fungus (D:1)
  11 plants
13 creatures vanquished.

Grand Total: 206 creatures vanquished

Notes
Turn   | Place    | Note
-------+----------+-------------------------------------------
     0 | D:1      | Dabor the Gargoyle Fighter began the quest for the Orb.
     0 | D:1      | Reached XP level 1. HP: 14/14 MP: 1/1
   318 | D:1      | Reached XP level 2. HP: 16/19 MP: 2/2
   747 | D:1      | Found a faded altar of an unknown god.
  1264 | D:1      | Prayed at the altar of an unknown god.
  1264 | D:1      | Became a worshipper of the Wu Jian Council
  1264 | D:1      | Reached * piety under Wu Jian
  1391 | D:2      | Reached XP level 3. HP: 17/23 MP: 3/3
  1957 | D:2      | Found Badai's Distillery.
  2345 | D:3      | Found Neshegug's Assorted Antiques.
  2355 | D:3      | Reached XP level 4. HP: 29/29 MP: 4/4
  2383 | D:3      | Reached skill level 1 in Dodging
  2394 | D:3      | Reached ** piety under Wu Jian
  2553 | D:3      | Found Kinext's Assorted Antiques.
  2573 | D:3      | Found Allouhohi's Jewellery Boutique.
  2686 | D:3      | Found Qautino's Weapon Shop.
  2747 | D:3      | Found Laoryata's Antique Armour Emporium.
  2927 | D:3      | Reached XP level 5. HP: 29/33 MP: 5/5
  3412 | D:4      | Found a transporter.
  3509 | D:4      | Noticed a phantom
  3510 | D:4      | Killed a phantom
  3519 | D:4      | Reached XP level 6. HP: 28/39 MP: 6/6
  3922 | D:4      | Found a transporter.
  3924 | D:4      | Noticed Ijyb
  3925 | D:4      | Paralysed by Ijyb for 6 turns
  3940 | D:4      | Paralysed by Ijyb for 5 turns
  4128 | D:4      | Paralysed by Ijyb for 2 turns
  4130 | D:4      | Killed Ijyb
  4226 | D:4      | Noticed ouz's ghost (amateur VSHu)
  4254 | D:4      | Reached skill level 5 in Fighting
  4254 | D:4      | Reached skill level 5 in Armour
  4254 | D:4      | Reached XP level 7. HP: 44/44 MP: 7/7
  4425 | D:4      | Found a one-way gate to the infinite horrors of the Abyss.
  4450 | D:4      | Killed ouz's ghost
  4548 | D:5      | Entered Level 5 of the Dungeon
  4554 | D:5      | Reached *** piety under Wu Jian
  4564 | D:5      | Noticed Edmund
  4580 | D:5      | Killed Edmund
  4581 | D:5      | Reached XP level 8. HP: 34/51 MP: 8/8
  4920 | D:5      | Reached skill level 5 in Maces & Flails
  5613 | D:6      | Found a staircase to the Ecumenical Temple.
  5868 | D:6      | Found a sand-covered staircase.
  5881 | Ossuary  | Entered an ossuary
  5910 | Ossuary  | Reached **** piety under Wu Jian
  5953 | Ossuary  | Reached XP level 9. HP: 47/56 MP: 9/9
  7323 | D:7      | Reached skill level 5 in Dodging
  7670 | D:7      | Reached ***** piety under Wu Jian
  7854 | D:7      | Noticed a centaur warrior
  7864 | D:7      | Reached XP level 10. HP: 34/64 MP: 10/10
  7865 | D:7      | Noticed a purple ugly thing
  7869 | D:7      | HP: 1/64 [vampire mosquito (3)]
  7869 | D:7      | Shot with an arrow by a centaur warrior

Illustrated notes

Levels and vault maps discovered:
D:1:      tarquinn_simple_flora_water_e, layout_basic,
          shapermc_ecumenical_altar_gd, chequers_decorated_corner,
          dreamdust_princess_bridge, minmay_crystal_room, serial_park_tiny_2
D:2:      layout_basic, serial_shops, shop, minmay_quantized
D:3:      cheibrodos_greedy_goblins, layout_loops_ring, serial_shops, shop,
          nicolae_shop_advertising_works [nicolae_subvault_shop_adworks], shop,
          nicolae_shop_statue_plus, nicolae_shop_bloodbath_and_beyond
D:4:      layout_basic, gammafunk_ghost_abyssal_escape, grunt_ministairs_8,
          uniq_ijyb
D:5:      layout_basic, minmay_misc_feat_plants, minmay_ogre_servants,
          uniq_edmund
D:6:      layout_loops_corners, minmay_temple_entry_from_below_a,
          portal_sewer_entry_d, nicolae_ossuary_entry_catacombs,
          kennysheep_boxes
D:7:      nzn_winding_woodlands_large [nzn_winding_woodlands_5x5_perimeter,
          nzn_winding_woodlands_5x15_longhouse,
          nzn_winding_woodlands_5x5_default,
          nzn_winding_woodlands_center_triple_pond,
          nzn_winding_woodlands_15x15_eel_pit,
          nzn_winding_woodlands_center_diamonds,
          nzn_winding_woodlands_5x5_open_star,
          nzn_winding_woodlands_5x15_concentric,
          nzn_winding_woodlands_5x5_default], layout_basic,
          ebering_ghost_inner_flame, serial_shops, nicolae_shop_statue_plus,
          uniq_pikel

Skill      XL: |  1  2  3  4  5  6  7  8  9 |
---------------+----------------------------+-----
Armour         | 4 5 6 8 |  8.2
Fighting       | 4 5 6 8 |  8.2
Dodging        | 1 2 3 4 5 |  5.5
Maces & Flails | 3 4 5 7 |  7.1
Shields        | |  3.5

Action                   |  1- 3 |  4- 6 |  7- 9 | 10-12 || total
-------------------------+-------+-------+-------+-------++-------
Melee: Flail             |   120 |   176 |   529 |       ||   825
Throw: Throwing net      |       |     2 |       |       ||     2
Invok: Lunge             |     7 |    13 |    12 |       ||    32
       Whirlwind         |       |     1 |     2 |       ||     3
  Use: Scroll            |     8 |     1 |     4 |     1 ||    14
       Potion            |       |       |       |     1 ||     1
Armor: Scale mail        |    70 |    90 |       |       ||   160
       Leather armour    |       |     4 |   237 |     4 ||   245
Dodge: Dodged            |    76 |   144 |   458 |     3 ||   681
Block: Buckler           |    22 |    37 |   101 |     2 ||   162

Table legend: (Time is in decaauts)
 A = Elapsed time spent in this place.
 B = Non-inter-level travel time spent in this place.
 C = Inter-level travel time spent in this place.
 D = Time resting spent in this place.
 E = Time spent auto-exploring this place.
 F = Levels seen in this place.
 G = Mean time per level.
                   A        B        C        D        E       F      G
               +--------+--------+--------+--------+--------+-----+--------+
         Total |   8029 |   7743 |    286 |    793 |   4963 |   8 | 1003.6 |
       Dungeon |   7683 |   7397 |    286 |    793 |   4836 |   7 | 1097.6 |
       Ossuary |    346 |    346 |      0 |      0 |    127 |   1 |  346.0 |
               +--------+--------+--------+--------+--------+-----+--------+

Top non-repeatable levels by time:
     D:6: 1484 daAuts
     D:1: 1324 daAuts
     D:3: 1271 daAuts
     D:4: 1023 daAuts
     D:2: 1015 daAuts
     D:5: 967 daAuts
     D:7: 597 daAuts
 Ossuary: 346 daAuts
